 Dungeon Crawl Stone Soup version 0.19-a0-160-gd53b84c (webtiles) character file.

10131 DarthKuruptios the Protected (level 11, -12/97 HPs)
             Began as a Minotaur Monk on May 20, 2016.
             Was an Elder of the Shining One.
             Mangled by a spiny frog (21 damage)
             ... on level 1 of the Lair of Beasts.
             The game lasted 01:04:34 (12072 turns).

DarthKuruptios the Protected (Minotaur Monk)       Turns: 12072, Time: 01:04:34

Health: -12/97     AC: 11    Str: 22    XL:     11   Next: 32%
Magic:  14/14      EV:  9    Int:  5    God:    the Shining One [****..]
Gold:   470        SH:  0    Dex: 15    Spells: 2 memorised, 7 levels left

rFire  . . .     SeeInvis .       - Unarmed
rCold  . . .     Gourm    .     E - +0 plate armour
rNeg   + + .     Faith    .     (no shield)
rPois  .         Spirit   .     (helmet restricted)
rElec  .         Dismiss  .     (no cloak)
rCorr  .         Reflect  .     (no gloves)
SustAt .         Harm     .     s - +0 pair of boots
MR     .....                    (no amulet)
Stlth  ..........               D - +1 ring of slaying
                                i - +5 ring of strength

@: glowing, not resistant to hostile enchantments, extremely unstealthy
A: retaliatory headbutt, horns 2, deformed body, dopey 1, subdued magic 1
a: Divine Shield, Cleansing Flame, Renounce Religion


You were on level 1 of the Lair of Beasts.
You worshipped the Shining One.
The Shining One was greatly pleased with you.
You were not hungry.

You visited 3 branches of the dungeon, and saw 11 of its levels.
You also visited: Ossuary.

You collected 624 gold pieces.
You spent 154 gold pieces at shops.

Inventory:

Missiles
 d - 14 tomahawks
 e - 248 stones (quivered)
Armour
 s - a +0 pair of boots (worn)
 C - a +2 pair of gloves
 E - a +0 plate armour (worn)
Jewellery
 i - a +5 ring of strength (left hand)
 p - an uncursed ring of protection from cold
 t - an uncursed ring of ice
 D - a +1 ring of slaying (right hand)
 M - an uncursed ring of magical power
Wands
 j - a wand of slowing (48/48)
 k - a wand of polymorph (7/24)
 m - a wand of slowing (12/48)
 y - a wand of polymorph (13/24)
 N - a wand of polymorph (12/24)
 O - a wand of flame (9/48)
 P - a wand of lightning (5/15)
 Q - a wand of iceblast (6/15)
Scrolls
 c - 7 scrolls of identify
 f - 7 scrolls of enchant weapon
 g - 8 scrolls of remove curse
 h - 4 scrolls of magic mapping
 n - 3 scrolls of amnesia
 z - a scroll of teleportation
 A - 5 scrolls of fear
 J - a scroll of recharging
Potions
 q - a potion of curing
 r - a potion of berserk rage {unknown}
 u - a potion of agility {unknown}
 v - 2 potions of haste
 x - a potion of magic {unknown}
 F - a potion of might
 G - a potion of invisibility {unknown}
Books
 w - a book of Power

   Spells                             Type                      Level
   a - Fulminant Prism                Conjuration/Hexes            4
   b - Iskenderun's Mystic Blast      Conjuration                  4
   c - Venom Bolt                     Conjuration/Poison           5
   d - Bolt of Magma                  Conjuration/Fire/Earth       5
   e - Iron Shot                      Conjuration/Earth            6
   f - Orb of Destruction             Conjuration                  7
   g - Spellforged Servitor           Conjuration/Summoning        7
 H - a book of Alchemy

   Spells                             Type                      Level
   a - Sublimation of Blood           Necromancy                   2
   b - Ignite Poison                  Fire/Transmutation/Poison    3
   c - Petrify                        Transmutation/Earth          4
   d - Alistair's Intoxication        Transmutation/Poison         5
   e - Irradiate                      Conjuration/Transmutation    5
Miscellaneous
 a - a plain deck of wonders
 K - a box of beasts
 L - a plain deck of summoning
Comestibles
 b - 11 bread rations
 o - 4 meat rations
 B - 4 royal jellies
 I - a slice of pizza


   Skills:
 + Level 9.1 Fighting
 + Level 9.8 Throwing
 + Level 10.2 Armour
 + Level 5.6 Dodging
 + Level 2.3 Stealth
 + Level 9.5 Unarmed Combat
 * Level 3.0 Spellcasting
 + Level 0.4 Invocations


You had 7 spell levels left.
You knew the following spells:

 Your Spells              Type           Power        Failure   Level  Hunger
a - Bolt of Magma         Conj/Fire/Erth #.........   100%        5    ######.
b - Petrify               Trmt/Erth      #.......     100%        4    #####..


Dungeon Overview and Level Annotations

Branches:
Dungeon (9/15)             Temple (1/1) D:4            Lair (1/8) D:9
    Orc: D:9-12

Altars:
Ashenzari
Cheibriados
Dithmenos
Elyvilon
Fedhas
Gozag
Kikubaaqudgha
Makhleb
Nemelex Xobeh
Okawaru
Pakellas
Qazlal
Ru
Sif Muna
Trog
Vehumet
Xom
Yredelemnul
Zin
The Shining One

Shops:
D:6 }


Innate Abilities, Weirdness & Mutations

You reflexively headbutt those who attack you in melee.
You have a pair of horns on your head.
Armour fits poorly on your strangely shaped body.
You are dopey. (Int -2)
Your spells are a little easier to cast, but a little less powerful.


Message History

The electric eel shoots out a bolt of lightning at you!
The bolt of electricity misses you.
A spiny frog comes into view.
The spiny frog moves out of view.
The spiny frog stings you but does no damage.
The spiny frog barely misses you. You furiously retaliate!
You headbutt the spiny frog, but do no damage.
You hit the spiny frog but do no damage.
You punch the spiny frog!
The spiny frog is moderately wounded.
The spiny frog stings you!
* * * LOW HITPOINT WARNING * * *
You barely miss the spiny frog.
You headbutt the spiny frog, but do no damage.
The spiny frog is moderately wounded.
The spiny frog barely misses you. The spiny frog barely misses you.
You furiously retaliate!
You headbutt the spiny frog! The spiny frog stings you!!
You die...

## #.### .....#
......#######
............
......[...#
..........<## ..
...##@#..# ...
#.F..## ....
#.F### .....
#..### #
......#.##.##.##.
.........†.(.....
.......††..#≈.#≈#
............(≈≈≈≈
...........;≈≈≈≈≈


You could see 2 spiny frogs.

Vanquished Creatures
  A tengu warrior (D:9)
  Pikel (D:7)
  An unseen horror (D:9)
  The ghost of DarthKuruptios the Skirmisher, a novice DsBe of Trog (D:6)
  The ghost of DarthKuruptios the Ruffian, a novice MiMo of the Shining One (D:5)
  4 trolls (D:9)
  A two-headed ogre (D:9)
  Prince Ribbit (D:9)
  Sigmund (D:3)
  Eustachio (D:6)
  4 yaks (D:9)
  2 hungry ghosts (D:9)
  2 hippogriffs
  Edmund (D:4)
  5 porcupines
  5 orc warriors
  A sky beast (D:8)
  2 ice beasts (D:9)
  5 ogres
  A necrophage (D:9)
  A phantom (D:9)
  5 centaurs
  2 big kobolds
  6 giant frogs
  2 gnoll sergeants
  3 water moccasin zombies (Ossuary)
  A scorpion (D:9)
  2 spriggan skeletons (D:9)
  A troll skeleton (D:9)
  4 crimson imps
  A giant frog zombie (D:5)
  2 giant frog skeletons
  2 hounds (D:7)
  6 jellies
  5 orc priests
  7 orc wizards
  3 centaur skeletons (D:9)
  2 iguanas (D:4)
  Natasha (twice) (D:3)
  2 worker ants
  Terence (D:3)
  5 sheep
  5 big kobold zombies (Ossuary)
  A hound zombie (D:9)
  A hound skeleton (D:4)
  2 mummies (Ossuary)
  A worker ant zombie (D:5)
  A howler monkey skeleton (D:4)
  9 adders
  12 gnolls
  3 shadow imps
  4 oozes
  An adder skeleton (D:9)
  5 adder zombies
  4 worms
  3 dart slugs
  5 giant geckos
  44 orcs
  8 bats
  7 giant cockroaches
  10 hobgoblins
  22 jackals
  23 kobolds
  6 quokkas
  2 ball pythons
  5 giant newts
  3 gnoll zombies (Ossuary)
  9 goblins
  3 hobgoblin zombies (Ossuary)
  7 kobold zombies (Ossuary)
  6 orc zombies (Ossuary)
  8 rats
  2 rat zombies (D:4)
328 creatures vanquished.

Vanquished Creatures (others)
  A black bear (D:7)
  An adder (D:7)
  A giant cockroach (D:7)
3 creatures vanquished.

Grand Total: 331 creatures vanquished

Notes
Turn   | Place    | Note
--------------------------------------------------------------
     0 | D:1      | DarthKuruptios the Minotaur Monk began the quest for the Orb.
     0 | D:1      | Reached XP level 1. HP: 19/19 MP: 0/0
    97 | D:1      | Reached XP level 2. HP: 27/27 MP: 1/1
   565 | D:1      | Reached XP level 3. HP: 33/33 MP: 2/2
   989 | D:2      | Reached skill level 1 in Throwing
  1176 | D:2      | Reached skill level 5 in Unarmed Combat
  1208 | D:2      | Found an oddly glowing altar of Pakellas.
  1345 | D:2      | Reached XP level 4. HP: 37/40 MP: 3/3
  1910 | D:3      | Noticed Sigmund
  2098 | D:2      | Reached XP level 5. HP: 34/46 MP: 4/4
  2210 | D:3      | Killed Sigmund
  2210 | D:3      | Reached skill level 2 in Armour
  2210 | D:3      | Reached XP level 6. HP: 25/53 MP: 5/5
  2249 | D:3      | Noticed Terence
  2281 | D:3      | Killed Terence
  3023 | D:3      | Noticed Natasha
  3030 | D:3      | Killed Natasha
  3224 | D:3      | Noticed Natasha
  3237 | D:3      | Killed Natasha
  3299 | D:4      | Reached XP level 7. HP: 60/60 MP: 6/6
  3332 | D:4      | Reached skill level 3 in Armour
  3410 | D:4      | Found a sand-covered staircase.
  3418 | Ossuary  | Entered an ossuary
  3488 | Ossuary  | Reached skill level 5 in Fighting
  3687 | Ossuary  | Reached skill level 5 in Throwing
  4264 | D:4      | Reached skill level 4 in Armour
  4336 | D:4      | Reached XP level 8. HP: 68/70 MP: 7/7
  4597 | D:4      | Noticed Edmund
  4609 | D:4      | Killed Edmund
  4680 | D:4      | Found a staircase to the Ecumenical Temple.
  4688 | Temple   | Entered the Ecumenical Temple
  4970 | Temple   | Became a worshipper of the Shining One
  4970 | Temple   | Reached * piety under the Shining One
  4970 | Temple   | Reached ** piety under the Shining One
  5067 | D:5      | Entered Level 5 of the Dungeon
  5076 | D:5      | Reached skill level 5 in Armour
  5290 | D:5      | Found a bloodstained altar of Trog.
  5377 | D:5      | Noticed DarthKuruptios's ghost (novice MiMo)
  5403 | D:5      | Killed DarthKuruptios's ghost
  5406 | D:5      | Reached skill level 6 in Armour
  5946 | D:6      | Reached XP level 9. HP: 40/78 MP: 8/8
  6191 | D:6      | Found a sacrificial altar of Ru.
  6191 | D:6      | Found a shadowy altar of Dithmenos.
  6250 | D:6      | Noticed Eustachio
  6281 | D:6      | Killed Eustachio
  6288 | D:6      | Reached skill level 5 in Dodging
  6314 | D:6      | Noticed DarthKuruptios's ghost (novice DsBe)
  6340 | D:6      | Killed DarthKuruptios's ghost
  6340 | D:6      | Reached skill level 7 in Armour
  6546 | D:6      | Found a blossoming altar of Fedhas.
  6566 | D:6      | Found an ancient bone altar of Kikubaaqudgha.
  6764 | D:6      | Got an opalescent robe
  6775 | D:6      | Identified the +1 robe of Huat Xuas {rC+} (You took it off an orc wizard on level 6 of the Dungeon)
  6795 | D:6      | Learned a level 5 spell: Bolt of Magma
  7048 | D:6      | Found Zacias's Gadget Shoppe.
  7052 | D:6      | Bought a plain deck of wonders for 154 gold pieces
  7376 | D:7      | Noticed Pikel
  7393 | D:7      | Killed Pikel
  7393 | D:7      | Reached skill level 1 in Spellcasting
  7732 | D:7      | Reached skill level 8 in Armour
  7794 | D:7      | Found a glowing silver altar of Zin.
  7827 | D:7      | Reached XP level 10. HP: 83/88 MP: 11/11
  8398 | D:8      | Reached *** piety under the Shining One
  8431 | D:8      | Found a basalt altar of Yredelemnul.
  8576 | D:8      | Learned a level 4 spell: Petrify
  8605 | D:8      | Found a stormy altar of Qazlal.
  8605 | D:8      | Found an oddly glowing altar of Pakellas.
  8683 | D:8      | Found a white marble altar of Elyvilon.
  8859 | D:8      | Gained mutation: Your spells are a little easier to cast, but a little less powerful. [mutagenic meat]
  8861 | D:8      | Gained mutation: Armour fits poorly on your strangely shaped body. [mutagenic meat]
  8863 | D:8      | Gained mutation: You are dopey. (Int -2) [mutagenic meat]
  9100 | D:8      | Found a sparkling altar of Nemelex Xobeh.
  9102 | D:8      | Found an opulent altar of Gozag.
  9295 | D:9      | Noticed an unseen horror
  9315 | D:9      | Killed an unseen horror
  9537 | D:9      | Noticed Prince Ribbit
  9545 | D:9      | Killed Prince Ribbit
  9640 | D:9      | Found a shattered altar of Ashenzari.
  9692 | D:9      | Reached skill level 9 in Armour
  9782 | D:9      | Found a staircase to the Lair.
 10097 | D:9      | Reached **** piety under the Shining One
 10133 | D:9      | Reached XP level 11. HP: 35/95 MP: 12/14
 11373 | D:9      | Noticed a tengu warrior
 11391 | D:9      | Killed a tengu warrior
 11391 | D:9      | Reached skill level 10 in Armour
 12035 | Lair:1   | Entered Level 1 of the Lair of Beasts
 12061 | Lair:1   | HP: 4/97 [electric eel/bolt of electricity (7)]
 12072 | Lair:1   | Mangled by a spiny frog

Vault maps used:
D:1:      matt_arrival_spirals
D:2:      grunt_decor_fettered, grunt_pakellas_basics
D:3:      uniq_terence, uniq_sigmund, uniq_natasha
D:4:      minmay_temple_entry_nine_rooms, enter_ossuary_4, first_bread,
          hex_large, uniq_edmund
D:5:      nicolae_overflow_hidden_temple
D:6:      overflow_temple_1_default, grunt_temple_overflow_open, serial_shops,
          nicolae_shop_behind_doors, fedhas_altar_1, uniq_eustachio
D:7:      old_standard_altar, uniq_pikel
D:8:      kennysheep_ying_yang, grunt_temple_overflow_opulence,
          gammafunk_temple_overflow_elements
D:9:      minmay_imperfect_grid, old_standard_altar, dpeg_lair_monsters,
          hangedman_tell_no_tales, uniq_prince_ribbit1
Temple:   minmay_temple_bridge_c_8
Lair:1:   grunt_megastairs_2, uniq_urug
Ossuary:  ossuary_tomb_2

Skill      XL: |  1  2  3  4  5  6  7  8  9 10 11 |
---------------+----------------------------------+-----
Throwing       | 1 2 3 4 5 7 8 9 |  9.8
Unarmed Combat | 5 6 7 9 |  9.5
Fighting       | 4 5 6 7 8 9 |  9.1
Stealth        | 2 |  2.3
Armour         | 2 4 6 8 9 10 | 10.2
Dodging        | 4 5 |  5.6
Spellcasting   | 1 2 3 |  3.0
Invocations    | |  0.4

Action                   |  1- 3 |  4- 6 |  7- 9 | 10-12 || total
-------------------------+-------+-------+-------+-------++-------
Melee: Unarmed           |    91 |   133 |   352 |   245 ||   821
       Headbutt          |    16 |    33 |    88 |    64 ||   201
       Punch             |       |     2 |    11 |     8 ||    21
Throw: Stone             |   101 |   124 |   181 |   216 ||   622
Invok: Divine Shield     |       |       |       |     1 ||     1
  Use: Scroll            |     1 |       |    15 |     2 ||    18
       Potion            |       |     1 |     2 |     7 ||    10
 Stab: Sleeping          |     1 |       |       |       ||     1
  Eat: Chunk             |     1 |     7 |    11 |     8 ||    27
       Beef jerky        |       |       |     2 |     1 ||     3
       Fruit             |       |       |       |     8 ||     8
       Royal jelly       |       |       |       |     1 ||     1
       Pizza             |       |       |       |     1 ||     1
Armor: Robe              |     7 |       |       |       ||     7
       Chain mail        |    22 |    72 |   199 |       ||   293
       Leather armour    |     1 |       |       |       ||     1
       Plate armour      |       |       |    22 |   116 ||   138
Dodge: Dodged            |    42 |    90 |   188 |   119 ||   439
Block: Other             |       |       |       |     9 ||     9
